AoeStats
← penguin952730

Nomad

510341058Analyzed
2v2 RM · 2d ago on Sep 30, 2026· 24m 17s· 4 players
Game mode
Random Map
Map size
176×176
Population
200
Speed
Normal
Resources
Standard
Victory
Conquest
Starting age
Dark Age
Ending age
Imperial Age
RankedLock teamsTeams togetherTeam positionsShared explorationLock speedFull tech treeHidden civsTurbo modeCheats
Victory
Defeat
🇮🇹 Spanish · Italy
1243
+15
🇦🇷 Georgians · Argentina
1146
+19
🇹🇼 Mongols · Taiwan
1223
-17
🇫🇷 Sicilians · France
1208
-17
JavaleJean
5:02 Loom
16:21 Feudal Age
17:44 Fletching
21:29 Castle Age
20:04 Double-Bit Axe
20:12 Gold Mining
21:25 Forging
21:58 Town Watch
penguin952730
10:36 Loom
12:44 Feudal Age
15:09 Double-Bit Axe
18:09 Castle Age
16:08 Stone Mining
Elficovich
5:04 Loom
13:14 Feudal Age
17:41 Castle Age
16:41 Double-Bit Axe
24:30 Padded Archer Armor
LoKogan
7:18 Loom
14:17 Feudal Age
15:19 Double-Bit Axe
18:13 Wheelbarrow
18:31 Forging
21:19 Castle Age
19:56 Scale Barding Armor
21:12 Bloodlines
24:13 Fletching
Connection lost

Rejoining the realm…

Still unreachable

The connection could not be restored.

Session expired

The server has moved on; the page needs a fresh start.